 Dungeon Crawl Stone Soup version 0.31-a0-236-g9a0961fb85 (webtiles) character file.

Game seed: 4769121825644461474

10068 Shard1697 the Cleaver (level 12, 0/106 HPs)
             Began as a Meteoran Berserker on July 10, 2023.
             Was a High Priest of Trog.
             Slain by a skeletal warrior
             ... wielding a +0 trident
              (11 damage)
             ... on level 11 of the Dungeon.
             The game lasted 00:20:14 (4218 turns).

Shard1697 the Cleaver (Meteoran Berserker)          Turns: 4218, Time: 00:20:15

Health: 0/106      AC: 24    Str: 24    XL:     12   Next: 14%
Magic:  13/13      EV:  9    Int:  9    God:    Trog [*****.]
Gold:   419        SH:  5    Dex: 14    Spells: 11/11 levels left

rFire   + . .        a - +3 broad axe (flame)
rCold   . . .        D - +0 buckler
rNeg    . . .        l - +0 chain mail
rPois   .            w - +2 helmet
rElec   .            m - +2 cloak
rCorr   .            t - +2 pair of gloves
SInv    .            (no boots)
Will    +....        (no amulet) Stlth
                     v - ring of protection from fire
HPRegen 0.37/turn    f - +4 ring of protection
MPRegen 0.13/turn

%: no passive effects
@: on berserk cooldown, slowed, glowing, very slow
A: sense surroundings 2, otherworldly, glowing, explore regen
a: Renounce Religion, Berserk, Trog's Hand, Brothers in Arms


You were on level 11 of the Dungeon.
You worshipped Trog.
Trog was extremely pleased with you.
You visited 1 branch of the dungeon, and saw 11 of its levels.
You also visited: Sewer.

You collected 419 gold pieces.

Inventory:

Hand Weapons
 a - a +3 broad axe of flaming (weapon)
 b - a +2 vampiric war axe
Missiles
 j - 2 curare-tipped darts
Armour
 l - a +0 chain mail (worn)
 m - a +2 cloak (worn)
 t - a +2 pair of gloves (worn)
 w - a +2 helmet (worn)
 D - a +0 buckler (worn)
Jewellery
 d - a ring of protection from cold
 f - a +4 ring of protection (right hand)
 h - a ring of fire
 o - a ring of magical power
 v - a ring of protection from fire (left hand)
 E - a ring of flight
 F - a ring of poison resistance
 G - a ring of positive energy
 I - the ring "Uhasm" {Fire Dex+3 SInv}
   (You found it on level 7 of the Dungeon)

   [ring of fire]

   It enhances your fire magic.
   Dex:       It affects your dexterity (+3).
   rF:        It protects you from fire.
   rC:        It makes you vulnerable to cold.
   SInv:      It lets you see invisible.
Wands
 x - a wand of acid (11)
 y - a wand of polymorph (15)
 M - a wand of digging (2)
Scrolls
 k - 5 scrolls of vulnerability
 s - 6 scrolls of teleportation
 C - a scroll of silence
 H - 3 scrolls of revelation
Potions
 c - 3 potions of lignification
 e - 2 potions of curing
 g - 3 potions of resistance
 i - a potion of berserk rage
 n - a potion of enlightenment
 p - a potion of invisibility {unknown}
 q - a potion of magic {unknown}
 r - a potion of might {unknown}
 u - a potion of heal wounds {unknown}
 z - a potion of mutation {unknown}
 B - a potion of haste {unknown}
 J - a potion of attraction {unknown}
 K - a potion of cancellation {unknown}
 L - a potion of brilliance {unknown}


   Skills:
 - Level 10.2 Fighting
 * Level 14.7 Axes
 * Level 6.6 Armour
 - Level 2.4 Dodging
 - Level 5.6 Shields
 + Level 8.0 Evocations


You had 11 spell levels left.
You didn't know any spells.
Your spell library was empty.

Dungeon Overview and Level Annotations

Branches:
Dungeon (11/15) Zot: 2420  Temple (0/1) D:5           Sewer (visited)
   Lair: D:8-11         Orc: D:9-12

Altars:
Dithmenos
Gozag
Hepliaklqana

Shops:
D:2 :   D:5 :


Innate Abilities, Weirdness & Mutations

You passively map the area around you.
You are easily found by Zot.
You glow in the dark.
You regain HP and MP as you explore.


Message History

The centaur warrior hits you but does no damage.
You block the centaur warrior's attack.
The centaur warrior hits you but does no damage.
The centaur warrior barely misses you.
Things that are here:
a +2 troll leather armour {Snorg}; a hound corpse; the troll corpse of Snorg You closely miss the centaur warrior.
The centaur warrior hits you but does no damage.
The centaur warrior kicks you but does no damage.
You block the centaur warrior's attack. The centaur warrior kicks you.
A skeletal warrior comes into view. It is wielding a +0 hand axe.
You slice the centaur warrior!! You burn the centaur warrior!
The centaur warrior is heavily wounded.
The centaur warrior hits you but does no damage.
The centaur warrior kicks you but does no damage.
The centaur warrior hits you. You block the centaur warrior's attack.
You slice the centaur warrior!! You burn the centaur warrior.
You kill the centaur warrior!
Trog accepts your kill.
You miss the hound. You block the hound's attack.
The hound bites you but does no damage. You block the hound's attack.
Your Evocations skill increases to level 8!
The hound attacks as you move away! The hound bites you but does no damage.
The hound attacks as you move away!
The hound bites you but does no damage. x2
The skeletal warrior hits you from afar with a +0 trident!!
* * * LOW HITPOINT WARNING * * *
The hound bites you but does no damage.
You slash the hound! You burn the hound.
The hound is almost dead.
You block the hound's attack.
The skeletal warrior hits you from afar with a +0 trident!
* * * LOW HITPOINT WARNING * * *
The hound barely misses you.
Okay, then.
Okay, then.
Your troll goes berserk!
The hound bites you.
* * * LOW HITPOINT WARNING * * *
The skeletal warrior hits you from afar with a +0 trident!
You die...

* , ~ ~~ ~ , , *
, , , ,, , * ,, ,
, , * * * *, * *
###>.. * , * *
*.#...... ,
###........ , , ,
,, #§T#....... ,
, #§#........, ~
#@#......~~~~ * ~
, #h#§......~ ~ *
~ #####hz.§..~..~
~~ ~ *
.....§§§§§.~≈~~~~
~ ~
.#######.§zS~≈≈≈
,, .....~~≈~ ,
##..~..≈≈~ , ,
#....~z≈≈ , , *
#...~~.~~


You could see a skeletal warrior, 2 hounds and a friendly troll (summoned,
berserk).

Vanquished Creatures
  Gastronok (D:8)
  Snorg (D:11)
  Erolcha (D:10)
  A centaur warrior (D:11)
  2 two-headed ogres (D:9)
  2 trolls
  A wraith (D:9)
  3 yaks (D:9)
  A steam dragon (D:9)
  Menkaure (D:6)
  2 acid dragons
  Pargi (Sewer)
  An orc warrior (D:9)
  Duvessa (D:6)
  3 sky beasts (D:7)
  2 ice beasts (D:7)
  A black bear (D:5)
  An ogre (D:5)
  2 centaurs (D:10)
  2 phantoms
  A kobold brigand (D:10)
  A bullfrog (D:8)
  3 scorpions
  7 wights
  19 killer bees
  Dowan (D:6)
  4 howler monkeys
  7 hounds
  2 jellies
  2 orc priests (D:8)
  6 orc wizards
  Natasha (twice) (D:3)
  2 iguanas
  Robin (D:4)
  4 gnolls (D:3)
  7 adders
  3 shadow imps (D:3)
  4 white imps
  An ufetubus (D:6)
  5 worms
  4 dart slugs
  29 orcs
  8 ball pythons
  6 endoplasms
  5 giant cockroaches
  15 goblins
  12 hobgoblins
  2 jackals (D:1)
  12 kobolds
  4 quokkas
  5 bats
  4 frilled lizards
  A hobgoblin zombie (D:6)
  2 kobold zombies (D:6)
  An orc zombie (D:6)
  8 rats
  A spectral goblin (D:6)
231 creatures vanquished.

Vanquished Creatures (collateral kills)
  The ghost of Shard1697 the Cleaver, a novice MeBe of Trog (D:7)
  An ice beast (D:7)
  A centaur simulacrum (D:7)
  A killer bee simulacrum (D:7)
  A white imp (D:7)
5 creatures vanquished.

Grand Total: 236 creatures vanquished

Notes
Turn   | Place    | Note
-------+----------+-------------------------------------------
     0 | D:1      | Shard1697 the Meteoran Berserker began the quest for the
                  | Orb.
     0 | D:1      | Reached XP level 1. HP: 19/19 MP: 2/2
    75 | D:1      | Reached skill level 4 in Axes
    75 | D:1      | Reached XP level 2. HP: 26/26 MP: 3/3
   240 | D:1      | Reached XP level 3. HP: 28/31 MP: 4/4
   304 | D:1      | Reached skill level 5 in Axes
   309 | D:1      | Reached ** piety under Trog
   419 | D:2      | Reached XP level 4. HP: 33/38 MP: 5/5
   738 | D:2      | Found Zunirpho's Book Shoppe.
   826 | D:3      | Found a transporter.
   847 | D:3      | Found a transporter.
   911 | D:3      | Reached skill level 6 in Axes
   917 | D:3      | Reached XP level 5. HP: 38/45 MP: 6/6
  1027 | D:3      | Noticed Natasha
  1034 | D:3      | Killed Natasha
  1034 | D:3      | Reached *** piety under Trog
  1035 | D:3      | Reached XP level 6. HP: 46/52 MP: 7/7
  1126 | D:3      | Noticed Natasha
  1134 | D:3      | Killed Natasha
  1345 | D:4      | Reached skill level 7 in Axes
  1381 | D:4      | Reached XP level 7. HP: 41/60 MP: 8/8
  1422 | D:4      | Noticed Robin
  1428 | D:4      | Killed Robin
  1429 | D:4      | Reached skill level 5 in Fighting
  1480 | D:5      | Entered Level 5 of the Dungeon
  1713 | D:5      | Reached **** piety under Trog
  1723 | D:5      | Reached skill level 8 in Axes
  1723 | D:5      | Found a staircase to the Ecumenical Temple.
  1768 | D:5      | Reached XP level 8. HP: 70/70 MP: 9/9
  1823 | D:5      | Found a glowing drain.
  1836 | Sewer    | Entered a sewer
  1878 | Sewer    | Noticed Pargi
  1891 | Sewer    | Killed Pargi
  2023 | D:5      | Found Jeroin's Book Emporium.
  2089 | D:5      | Reached skill level 9 in Axes
  2241 | D:6      | Noticed Duvessa
  2241 | D:6      | Noticed Dowan
  2254 | D:6      | Killed Duvessa
  2256 | D:6      | Killed Dowan
  2331 | D:6      | Gained mutation: You passively map the area around you.
                  | [Meteoran growth]
  2331 | D:6      | Reached XP level 9. HP: 74/78 MP: 10/10
  2441 | D:6      | Reached skill level 1 in Evocations
  2456 | D:6      | Reached skill level 10 in Axes
  2461 | D:6      | Noticed Menkaure
  2468 | D:6      | Killed Menkaure
  2498 | D:6      | Found a hazy altar of Hepliaklqana.
  2614 | D:7      | Reached ***** piety under Trog
  2797 | D:7      | Reached skill level 11 in Axes
  2880 | D:7      | Found a runed translucent gate.
  2880 | D:7      | Found a runed translucent gate.
  2880 | D:7      | Found a runed translucent gate.
  2906 | D:7      | Noticed Shard1697's ghost (novice MeBe)
  2945 | D:7      | Reached XP level 10. HP: 90/91 MP: 11/11
  2946 | D:7      | Killed Shard1697's ghost
  2983 | D:7      | Reached skill level 10 in Fighting
  2983 | D:7      | Reached skill level 12 in Axes
  2992 | D:7      | Got the ring "Uhasm" {Fire Dex+3 SInv}
  3077 | D:8      | Reached skill level 5 in Evocations
  3161 | D:8      | Found a shadowy altar of Dithmenos.
  3250 | D:8      | Reached skill level 1 in Shields
  3319 | D:8      | Noticed Gastronok
  3347 | D:8      | Killed Gastronok
  3348 | D:8      | Reached XP level 11. HP: 100/100 MP: 12/12
  3381 | D:9      | Noticed a two-headed ogre
  3398 | D:8      | Reached skill level 13 in Axes
  3618 | D:9      | Killed a two-headed ogre
  3619 | D:9      | Reached skill level 5 in Shields
  3623 | D:9      | Noticed a two-headed ogre
  3635 | D:9      | Killed a two-headed ogre
  3736 | D:9      | Reached skill level 14 in Axes
  3803 | D:10     | Entered Level 10 of the Dungeon
  3839 | D:10     | Received a gift from Trog
  3888 | D:10     | Noticed Erolcha
  3902 | D:10     | Killed Erolcha
  3903 | D:10     | Reached skill level 5 in Armour
  4169 | D:10     | Found an opulent altar of Gozag.
  4188 | D:11     | Noticed Snorg
  4203 | D:11     | Killed Snorg
  4204 | D:11     | Reached XP level 12. HP: 88/106 MP: 13/13
  4205 | D:11     | Noticed a centaur warrior
  4212 | D:11     | Noticed a skeletal warrior
  4212 | D:11     | Noticed a skeletal warrior
  4213 | D:11     | Noticed a skeletal warrior
  4215 | D:11     | Killed a centaur warrior
  4218 | D:11     | Slain by a skeletal warrior

Illustrated notes

Levels and vault maps discovered:
D:1:      dpeg_arrival_rhombus, layout_rooms, minmay_tripent
D:2:      layout_basic, serial_shops, shop
D:3:      gammafunk_wand_slinger, layout_basic,
          hellmonk_ecumenical_altar_inner_sanctum, uniq_natasha
D:4:      layout_rooms, uniq_robin
D:5:      layout_basic, minmay_temple_entry_grid, gup_sewer_entry_spiral,
          serial_shops, nicolae_shop_real_fake_doors,
          chequers_serial_rivers_small_b
D:6:      layout_basic, nicolae_hepliaklqana_monster_ancestors, serial_glass,
          glass_columns_c, glass_columns_a, minmay_mini_ossuary, uniq_menkaure,
          uniq_duvessa
D:7:      layout_basic, gammafunk_ghost_icy, hex_medium, chequers_arboretum,
          corexii_item_surrounded_by_moat
D:8:      layout_cave_pools, nicolae_overflow_crystal_walls, uniq_gastronok
D:9:      layout_basic
D:10:     layout_long_grid, nicolae_gozag_cash_rules_everything_around_me,
          uniq_erolcha
D:11:     layout_loops_ring, erik_lair_island, serial_ice, serial_ice_f,
          serial_ice_b, serial_ice_e, serial_ice_i, uniq_snorg, uniq_fannar

Skill      XL: |  1  2  3  4  5  6  7  8  9 10 11 12 |
---------------+-------------------------------------+-----
Axes           | 4 5 6 7 8 9 11 12 14 | 14.7
Fighting       | 4 6 7 9 10 | 10.2
Evocations     | 3 6 7 8 |  8.0
Shields        | 4 5 |  5.6
Armour         | 6 |  6.6
Dodging        | |  2.4

Action                     |  1- 3 |  4- 6 |  7- 9 | 10-12 || total
---------------------------+-------+-------+-------+-------++-------
  Melee: Hand axe          |    71 |    50 |       |       ||   121
         War axe           |       |    75 |   300 |   176 ||   551
         Punch             |       |       |     4 |       ||     4
         Broad axe         |       |       |       |    63 ||    63
 Invoke: Berserk           |       |     2 |       |     2 ||     4
         Brothers in Arms  |       |       |     1 |     1 ||     2
         Trog's Hand       |       |       |       |     1 ||     1
  Evoke: Wand              |       |    12 |     2 |     3 ||    17
    Use: Scroll            |       |     3 |     7 |     9 ||    19
         Potion            |       |     1 |     1 |     1 ||     3
 Armour: Ring mail         |    25 |     7 |       |       ||    32
         Chain mail        |       |    74 |   231 |   201 ||   506
  Dodge: Dodged            |    29 |    51 |    96 |    99 ||   275
  Block: Buckler           |       |       |    10 |    56 ||    66

Table legend: (Time is in decaauts)
 A = Elapsed time spent in this place.
 B = Non-inter-level travel time spent in this place.
 C = Inter-level travel time spent in this place.
 D = Time resting spent in this place.
 E = Time spent auto-exploring this place.
 F = Levels seen in this place.
 G = Mean time per level.
                   A        B        C        D        E       F      G
               +--------+--------+--------+--------+--------+-----+--------+
         Total |   4312 |   3966 |    346 |      0 |     83 |  12 |  359.3 |
       Dungeon |   4177 |   3831 |    346 |      0 |     83 |  11 |  379.7 |
         Sewer |    134 |    134 |      0 |      0 |      0 |   1 |  134.0 |
               +--------+--------+--------+--------+--------+-----+--------+

Top non-repeatable levels by time:
     D:5: 608 daAuts
     D:7: 485 daAuts
     D:3: 456 daAuts
     D:6: 425 daAuts
     D:1: 419 daAuts
     D:9: 397 daAuts
    D:10: 376 daAuts
     D:2: 368 daAuts
     D:8: 334 daAuts
     D:4: 279 daAuts
   Sewer: 134 daAuts
    D:11: 27 daAuts
